 Dungeon Crawl Stone Soup version 0.22-b1-21-g5cfc168 (webtiles) character file.

290 tyranidshit the Skirmisher (level 6, 0/52 HPs)
             Began as a Demonspawn Abyssal Knight on Aug 2, 2018.
             Was a Priest of Lugonu.
             Slain by a worker ant (5 damage)
             ... on level 4 of the Dungeon on Aug 3, 2018.
             The game lasted 00:07:51 (2474 turns).

tyranidshit the Skirmisher (DsAK)                   Turns: 2474, Time: 00:07:52

Health: 0/52       AC: 18    Str: 14    XL:     6   Next: 9%
Magic:  7/7        EV:  6    Int: 11    God:    Lugonu [***...]
Gold:   84         SH:  0    Dex: 13    Spells: 5/5 levels left

rFire    + + .     SeeInvis .   a - +1 hand axe
rCold    + . .     Gourm    .   (no shield)
rNeg     + . .     Faith    .   h - +0 chain mail
rPois    +         Spirit   .   j - +2 helmet
rElec    +         Reflect  .   (no cloak)
rCorr    +         Harm     .   (no gloves)
MR       .....                  (no boots)
Stlth    ..........             (no amulet)
HPRegen  0.17/turn              f - ring of protection from fire
MPRegen  0.10/turn              d - ring of positive energy

@: resistant, sanguine armour
A: claws 2, dopey 1, foul stench 1, poison resistance, evolution 1, rot
immunity, sanguine armour 1
a: Depart the Abyss, Bend Space, Banish, Renounce Religion


You were on level 4 of the Dungeon.
You worshipped Lugonu.
Lugonu was most pleased with you.
You were not hungry.

You visited 1 branch of the dungeon, and saw 4 of its levels.
You visited the Abyss 1 time.

You collected 84 gold pieces.

Inventory:

Hand Weapons
 a - a +1 hand axe (weapon)
 r - the +2 trident "Qownoq" {holy, +Fly rC+ Dex+3, unknown}
   (You found it on level 4 of the Dungeon)

   It has been blessed by the Shining One to cause great damage to the undead
   and demons.
   It affects your dexterity (+3).
   It protects you from cold.
   It lets you fly.
Armour
 b - a +0 leather armour
 h - a +0 chain mail (worn)
 j - a +2 helmet (worn)
Jewellery
 d - a ring of positive energy (right claw)
 e - an uncursed ring of poison resistance
 f - a ring of protection from fire (left claw)
 g - an uncursed ring of flight
 l - an uncursed ring of fire
Wands
 p - a wand of flame (17)
 q - a wand of acid (6)
Scrolls
 i - 2 scrolls of teleportation
 k - 3 scrolls of identify
Comestibles
 c - 3 rations


   Skills:
 - Level 6.1 Fighting
 - Level 1.7 Axes
 + Level 3.2 Armour
 - Level 0.8 Dodging
 - Level 2.4 Invocations


You had 5 spell levels left.
You didn't know any spells.
Your spell library was empty.

Dungeon Overview and Level Annotations

Branches:
Dungeon (4/15)             Temple (0/1) D:4

Altars:
Cheibriados
Makhleb
Vehumet
The Shining One

Portals:
Sewer: D:4


Innate Abilities, Weirdness & Mutations

You have very sharp fingernails.
You may emit foul miasma when damaged in melee.
You are immune to rotting.
When seriously injured, your bleeding wounds create armour. (AC +6)
You are dopey. (Int -2)
Your system is resistant to poisons. (rPois)
You evolve.


Message History

Unknown command.
You closely miss the worker ant.
The worker ant is heavily wounded.
You hit the gnoll. The gnoll hits you.
* * * LOW HITPOINT WARNING * * *
The worker ant completely misses you. The gnoll barely misses you.
Unknown command.
You hit the worker ant.
The worker ant is severely wounded.
You hit the gnoll.
You kill the gnoll!
Lugonu accepts your kill. The worker ant barely misses you.
The worker ant completely misses you.
Unknown command.
You hit the worker ant but do no damage.
The worker ant is severely wounded.
You hear the slow hiss of a distant avalanche of sand.
You hear the rusting of a distant drain.
The worker ant bites you.
You die...

###....#.##.##†..#
.......#.........######
##.....#..............###
...#.###.........#......##
###..............#.......###+###
...>h............+.......#.....#
###..<.#...)...).#.......#.###.#
..ZS.#+#.....).a.........'.+>#.+
.h.lh........###@.......##.###.#
.............#
#........##.....#.
#..a.........#
######+#.####'###.
#......#.###.# #.#.##.#...
###....#.# .. #.#.....<..
.........# #.#####....
###......+ ... .....> ...#.#...#
####... ##...... ....


You could see a worker ant.

Vanquished Creatures
  A hound (D:3)
  A quasit (D:3)
  Jessica (D:3)
  An iguana (D:4)
  2 worker ants
  2 gnolls (D:4)
  5 adders
  An adder skeleton (D:4)
  3 dart slugs
  3 leopard geckos
  2 ball pythons (D:2)
  4 giant cockroaches
  12 goblins
  A hobgoblin (D:2)
  5 jackals
  7 kobolds
  2 quokkas (D:3)
  8 bats
  9 frilled lizards
  A leopard gecko skeleton (D:4)
  2 rats
73 creatures vanquished.

Notes
Turn   | Place    | Note
-------+----------+-------------------------------------------
     0 | Abyss:1  | tyranidshit the Demonspawn Abyssal Knight began the quest for the Orb.
     0 | Abyss:1  | Reached XP level 1. HP: 18/18 MP: 2/2
    72 | Abyss:1  | Noticed a small abomination
   101 | Abyss:1  | Found a corrupted altar of Lugonu.
   188 | Abyss:1  | Found a corrupted altar of Lugonu.
   240 | Abyss:1  | Noticed an orange demon
   241 | D:1      | Escaped the Abyss
   283 | D:1      | Reached * piety under Lugonu
   290 | D:1      | Gained mutation: You have sharp fingernails. [demonic ancestry]
   290 | D:1      | Reached XP level 2. HP: 12/24 MP: 3/3
   910 | D:1      | Gained mutation: You are dopey. (Int -2) [potion of mutation]
   910 | D:1      | Gained mutation: Your system is resistant to poisons. (rPois) [potion of mutation]
   910 | D:1      | Gained mutation: You evolve. [potion of mutation]
   951 | D:2      | Reached skill level 4 in Fighting
   992 | D:2      | Gained mutation: You have very sharp fingernails. [demonic ancestry]
   992 | D:2      | Reached XP level 3. HP: 9/30 MP: 4/4
  1662 | D:2      | Reached ** piety under Lugonu
  1712 | D:2      | Gained mutation: When seriously injured, your bleeding wounds create armour. (AC +6) [demonic ancestry]
  1712 | D:2      | Reached XP level 4. HP: 37/38 MP: 5/5
  1730 | D:2      | Found a glowing golden altar of the Shining One.
  1790 | D:2      | Reached skill level 5 in Fighting
  1843 | D:2      | Found a snail-covered altar of Cheibriados.
  1904 | D:3      | Noticed Jessica
  1929 | D:3      | Killed Jessica
  1985 | D:3      | Gained mutation: You are immune to rotting. [demonic ancestry]
  1985 | D:3      | Reached XP level 5. HP: 25/46 MP: 6/6
  2142 | D:3      | Reached skill level 6 in Fighting
  2198 | D:3      | Found a burning altar of Makhleb.
  2214 | D:3      | Found a radiant altar of Vehumet.
  2309 | D:4      | Found a glowing drain.
  2364 | D:4      | Got an ebony trident
  2437 | D:4      | Found a staircase to the Ecumenical Temple.
  2454 | D:4      | Reached *** piety under Lugonu
  2456 | D:4      | Gained mutation: You may emit foul miasma when damaged in melee. [demonic ancestry]
  2456 | D:4      | Reached XP level 6. HP: 19/52 MP: 7/7
  2474 | D:4      | Slain by a worker ant

Skill      XL: |  1  2  3  4  5 |
---------------+----------------+-----
Fighting       | 4 5 6 |  6.1
Armour         | 3 |  3.2
Axes           | |  1.7
Dodging        | |  0.8
Invocations    | |  2.4

Action                   |  1- 3 |  4- 6 || total
-------------------------+-------+-------++-------
Melee: Hand axe          |   120 |   178 ||   298
Invok: Depart the Abyss  |     1 |       ||     1
  Use: Potion            |     6 |     1 ||     7
       Scroll            |     3 |     3 ||     6
  Eat: Ration            |     1 |     1 ||     2
Armor: Leather armour    |    34 |       ||    34
       Chain mail        |    44 |   235 ||   279
Dodge: Dodged            |    66 |   104 ||   170
